 Dungeon Crawl Stone Soup version 0.22.1-2-g9c5b331383 (webtiles) character file.

114 Groucho the Vandal (level 5, -3/34 HPs)
             Began as a Halfling Hunter on Jan 2, 2019.
             Killed from afar by Sigmund (10 damage)
             ... with a puff of flame
             ... on level 3 of the Dungeon.
             The game lasted 00:05:57 (3133 turns).

Groucho the Vandal (Halfling Hunter)                Turns: 3133, Time: 00:05:57

Health: -3/34      AC:  4    Str: 13    XL:     5   Next: 18%
Magic:  5/5        EV: 15    Int:  9    God:
Gold:   156        SH:  0    Dex: 16    Spells: 4/4 levels left

rFire    . . .     SeeInvis .   b - +0 short sword
rCold    . . .     Gourm    .   (shield restricted)
rNeg     . . .     Faith    .   c - +0 leather armour
rPois    .         Spirit   .   (no helmet)
rElec    .         Reflect  .   (no cloak)
rCorr    .         Harm     .   o - +0 pair of gloves
MR       .....                  (no boots)
Stlth    ++........             (no amulet)
HPRegen  0.11/turn              (no ring)
MPRegen  0.09/turn              (no ring)

@: hasted, very quick
A: small, mutation resistance 1
a: no special abilities


You were on level 3 of the Dungeon.
You were not hungry.

You visited 1 branch of the dungeon, and saw 3 of its levels.

You collected 156 gold pieces.

Inventory:

Hand Weapons
 a - a +1 hunting sling
 b - a +0 short sword (weapon)
Missiles
 d - 8 sling bullets
 g - 53 stones (quivered)
Armour
 c - a +0 leather armour (worn)
 o - a +0 pair of gloves (worn)
Wands
 n - a wand of digging (14)
Scrolls
 h - a scroll of fear {unknown}
 i - a scroll of random uselessness {unknown}
 j - 2 scrolls of identify {unknown}
 l - a scroll of enchant armour {unknown}
 m - 2 scrolls of remove curse {unknown}
 p - a scroll of teleportation {unknown}
 r - a scroll of fog {unknown}
Potions
 e - 2 potions of haste
Comestibles
 f - 3 rations


   Skills:
 - Level 2.3 Fighting
 + Level 7.8 Slings
 - Level 1.4 Armour
 - Level 2.8 Dodging
 - Level 1.1 Stealth


You had 4 spell levels left.
You didn't know any spells.
Your spell library was empty.

Dungeon Overview and Level Annotations

Branches:
Dungeon (3/15)

Altars:
Makhleb
Okawaru

Annotations:
D:3 Sigmund


Innate Abilities, Weirdness & Mutations

You are small and have problems with some larger weapons.
You are somewhat resistant to further mutation.


Message History

You bump into the rock wall.
Sigmund zaps a wand.
The puff of flame hits you!
* * * LOW HITPOINT WARNING * * *
Sigmund closely misses you.
You feel less confused.
You hit Sigmund but do no damage.
Sigmund is severely wounded.
Sigmund misses you.
You closely miss Sigmund.
Sigmund is severely wounded.
You hit Sigmund.
Sigmund is severely wounded.
You hit Sigmund.
Sigmund is severely wounded.
Sigmund screams, "Don't try to resist!"
Sigmund barely misses you.
You hit Sigmund but do no damage.
Sigmund is severely wounded.
Sigmund gestures at you while chanting. The puff of flame hits you!
You die...

#### #.# #.#
#.# #.# ###
#.# .. #.# .#
#.########.#
#.##.......#
.##
##.##.###.@.#
....#...#.#
#@#.#
..........#
#(#...
....#...#^#
#(####.#
...........#
#.# #
.....##.####
#.# ..... #.#
#.. .... #+#
### ##


You could see Sigmund.

Vanquished Creatures
  3 adders
  A gnoll (D:1)
  A shadow imp (D:2)
  2 worms (D:2)
  3 dart slugs
  4 leopard geckos (D:2)
  An orc (D:3)
  5 giant cockroaches
  4 goblins (D:1)
  2 hobgoblins
  A quokka (D:3)
  4 bats
  5 frilled lizards
  9 kobolds
  A leopard gecko zombie (D:3)
  16 rats
62 creatures vanquished.

Notes
Turn   | Place    | Note
-------+----------+-------------------------------------------
     0 | D:1      | Groucho the Halfling Hunter began the quest for the Orb.
     0 | D:1      | Reached XP level 1. HP: 14/14 MP: 1/1
    47 | D:1      | Reached skill level 6 in Slings
    47 | D:1      | Reached XP level 2. HP: 19/19 MP: 2/2
   200 | D:1      | Reached skill level 1 in Armour
   257 | D:1      | Reached XP level 3. HP: 24/24 MP: 3/3
   777 | D:2      | Reached XP level 4. HP: 29/29 MP: 4/4
   863 | D:2      | Found an iron altar of Okawaru.
  1045 | D:2      | Found a burning altar of Makhleb.
  1116 | D:2      | Reached skill level 7 in Slings
  2623 | D:3      | Reached XP level 5. HP: 34/34 MP: 5/5
  3095 | D:3      | Noticed Sigmund
  3133 | D:3      | Killed from afar by Sigmund

Skill      XL: |  1  2  3  4 |
---------------+-------------+-----
Slings         | 6 7 |  7.8
Fighting       | 2 |  2.3
Armour         | 1 |  1.4
Dodging        | |  2.8
Stealth        | |  1.1

Action                   |  1- 3 |  4- 6 || total
-------------------------+-------+-------++-------
Melee: Short sword       |     6 |    91 ||    97
 Fire: Hunting sling     |    47 |    71 ||   118
  Use: Potion            |       |     3 ||     3
 Stab: Sleeping          |       |     2 ||     2
  Eat: Chunk             |       |     2 ||     2
       Ration            |       |     2 ||     2
Armor: Leather armour    |     1 |    25 ||    26
Dodge: Dodged            |    10 |    84 ||    94
